AoeStats
← 钠呐纳卡姆

Fortress

508632988Analyzed
4v4 RM · 8d ago on Sep 23, 2026· 33m 14s· 8 players
Game mode
Random Map
Map size
Huge
Population
200
Speed
Normal
Resources
Standard
Victory
Conquest
Starting age
Dark Age
Ending age
Imperial Age
RankedLock teamsTeams togetherTeam positionsShared explorationLock speedFull tech treeHidden civsTurbo modeCheats
Victory
Defeat
🇩🇪 Spanish · Germany
1042
+15
🇪🇸 Saxons · Spain
980
+18
963
+18
🇨🇳 Turks · China
942
+19
🇨🇳 Magyars · China
1238
-24
🇨🇳 Franks · China
1192
-24
🇨🇳 Danes · China
1002
-17
🇨🇳 Varangians · China
638
-5
Elamb
10:17 Feudal Age
12:00 Double-Bit Axe
15:55 Castle Age
13:50 Fletching
15:47 Wheelbarrow
15:00 Town Watch
15:00 Loom
15:10 Gold Mining
15:13 Stone Mining
19:24 Imperial Age
18:28 Bodkin Arrow
18:41 Town Watch
20:05 Gold Shaft Mining
21:24 Loom
22:20 Wheelbarrow
26:36 Chemistry
29:13 Ballistics
29:05 Masonry
29:30 Bracer
29:31 Scale Mail Armor
29:36 Squires
29:23 Gambesons
31:17 Murder Holes
31:47 Conscription
31:50 Chain Mail Armor
31:45 Forging
32:30 Fortified Wall
Achileus
7:56 Feudal Age
7:28 Loom
11:37 Castle Age
9:57 Double-Bit Axe
10:28 Horse Collar
17:26 Bloodlines
18:43 Scale Barding Armor
24:19 Padded Archer Armor
34:08 Imperial Age
32:14 Wheelbarrow
33:55 Chain Barding Armor
33:46 Forging
Manchuria lmuberjack
8:27 Feudal Age
12:27 Castle Age
10:32 Horse Collar
11:11 Double-Bit Axe
14:03 Wheelbarrow
14:17 Loom
14:48 Bow Saw
17:36 Heavy Plow
17:49 Fervor
19:44 Hand Cart
25:24 Chemistry
28:05 Imperial Age
30:07 Siege Engineers
钠呐纳卡姆
7:10 Feudal Age
12:03 Castle Age
10:38 Double-Bit Axe
10:36 Horse Collar
15:10 Bow Saw
22:34 Wheelbarrow
21:48 Town Watch
21:50 Loom
22:11 Padded Archer Armor
22:49 Heavy Plow
23:42 Leather Archer Armor
23:42 Stone Mining
24:17 Hand Cart
24:58 Town Patrol
25:13 Forging
25:36 Bow Saw
29:02 Imperial Age
26:29 Fletching
27:19 Iron Casting
26:51 Scale Barding Armor
27:55 Chain Barding Armor
28:55 Scale Mail Armor
29:00 Gold Mining
29:41 Bloodlines
30:19 Conscription
31:06 Gold Shaft Mining
30:41 Husbandry
31:31 Ring Archer Armor
32:43 Plate Barding Armor
33:12 Blast Furnace
32:07 Elite Janissary
Sakurai Momoka
7:46 Feudal Age
8:35 Double-Bit Axe
11:31 Castle Age
9:21 Horse Collar
13:21 Bow Saw
13:33 Heavy Plow
18:16 Wheelbarrow
17:28 Loom
17:37 Pikeman
22:07 Town Watch
23:49 Fletching
23:54 Elite Skirmisher
26:13 Bodkin Arrow
28:00 Hand Cart
29:11 Gold Mining
29:12 Stone Mining
29:45 Fortified Wall
29:15 Treadmill Crane
29:40 Squires
30:31 Scale Mail Armor
31:14 Scale Barding Armor
34:34 Imperial Age
32:17 Husbandry
32:28 Bloodlines
32:50 Chain Barding Armor
33:17 Bloodlines
32:33 Vendel Legacy
D4C
8:25 Feudal Age
9:36 Double-Bit Axe
9:49 Horse Collar
13:20 Castle Age
14:19 Heavy Plow
14:31 Bow Saw
15:20 Loom
17:42 Wheelbarrow
20:19 Town Watch
21:07 Scale Mail Armor
21:42 Gold Mining
21:42 Stone Mining
22:54 Squires
22:40 Arson
23:13 Chain Mail Armor
23:32 Gambesons
27:00 Imperial Age
25:17 Hand Cart
25:18 Forging
27:12 Iron Casting
27:57 Gold Shaft Mining
28:13 Plate Mail Armor
27:05 Elite Varangian Guard
29:13 Conscription
31:48 Blast Furnace
LLK是给
7:49 Feudal Age
9:06 Double-Bit Axe
9:45 Horse Collar
12:22 Castle Age
14:00 Wheelbarrow
13:41 Bow Saw
15:59 Loom
16:00 Town Watch
18:52 Hand Cart
19:43 Gold Mining
22:02 Gold Shaft Mining
22:07 Scale Barding Armor
23:27 Chain Barding Armor
23:47 Heavy Plow
23:42 Stone Mining
27:15 Imperial Age
25:27 Bloodlines
25:20 Husbandry
27:49 Corvinian Army
28:21 Conscription
27:26 Elite Magyar Huszar
29:11 Plate Barding Armor
28:36 Fletching
28:30 Treadmill Crane
29:51 Chemistry
29:11 Ballistics
28:26 Cavalier
31:37 Two-Man Saw
33:32 Bodkin Arrow
33:41 Padded Archer Armor
33:48 Thumb Ring
34:09 Parthian Tactics
讨嫌宝儿
8:41 Feudal Age
9:34 Double-Bit Axe
12:24 Castle Age
13:24 Bow Saw
17:14 Wheelbarrow
16:41 Loom
17:59 Gold Mining
18:00 Stone Mining
18:33 Gold Mining
18:34 Stone Mining
20:29 Hand Cart
19:59 Town Watch
26:03 Imperial Age
24:17 Ballistics
25:18 Gold Shaft Mining
24:35 Fletching
24:45 Padded Archer Armor
24:50 Scale Barding Armor
24:56 Forging
24:31 Treadmill Crane
25:33 Husbandry
25:51 Bodkin Arrow
26:11 Leather Archer Armor
27:51 Chemistry
27:16 Conscription
26:19 Ordonnance Companies
26:52 Heavy Mounted Crossbowman
26:52 Cranequins
27:38 Chivalry
28:03 Chain Barding Armor
27:18 Light Cavalry
28:42 Caravan
29:13 Coinage
28:52 Cavalier
30:40 Plate Barding Armor
30:41 Iron Casting
29:53 Paladin
33:37 Blast Furnace
33:34 Banking
Connection lost

Rejoining the realm…

Still unreachable

The connection could not be restored.

Session expired

The server has moved on; the page needs a fresh start.